 Dungeon Crawl Stone Soup version 0.29-a0-700-g2f1814c7b2 (webtiles) character file.

Game seed: 11752209585491299324

371 buhh the Bolt Thrower (level 7, -14/54 HPs)
             Began as a Formicid Hunter on June 25, 2022.
             Demolished by an ogre
             ... wielding a +0 giant club
              (30 damage)
             ... on level 4 of the Dungeon.
             The game lasted 00:07:04 (2831 turns).

buhh the Bolt Thrower (Formicid Hunter)             Turns: 2831, Time: 00:07:05

Health: -14/54     AC: 10    Str: 18    XL:     7   Next: 2%
Magic:  7/7        EV: 13    Int:  3    God:
Gold:   146        SH:  0    Dex: 19    Spells: 6/6 levels left

rFire   . . .      SeeInvis +   a - +1 hand crossbow
rCold   . . .      Faith    .   (no shield)
rNeg    . . .      Spirit   .   b - +3 leather armour of Yhuschamn {rElec rCorr Str+2 Int-5}
rPois   .          Reflect  .   (helmet unavailable)
rElec   +          Harm     .   (no cloak)
rCorr   +          Rampage  .   (no gloves)
Will    .....                   (no boots)
Stlth   +++.......              (no amulet)
HPRegen 0.18/turn               i - +4 ring of protection
MPRegen 0.10/turn               (no ring)

@: no status effects
A: permanent stasis, dig shafts and tunnels, antennae 3, four strong arms
a: Dig, Shaft Self


You were on level 4 of the Dungeon.
You visited 1 branch of the dungeon, and saw 4 of its levels.

You collected 165 gold pieces.
You spent 19 gold pieces at shops.

Inventory:

Hand Weapons
 a - a +1 hand crossbow (weapon)
Armour
 b - the +3 leather armour of Yhuschamn (worn) {rElec rCorr Str+2 Int-5}
   (You found it on level 2 of the Dungeon)

   Str:       It affects your strength (+2).
   Int:       It affects your intelligence (-5).
   rElec:     It insulates you from electricity.
   rCorr:     It protects you from acid and corrosion.
Magical Staves
 q - a staff of conjuration
Jewellery
 i - a +4 ring of protection (left hand)
 n - a ring of fire
Wands
 f - a wand of flame (34)
Scrolls
 c - a scroll of blinking {!d}
 k - 2 scrolls of poison
 o - a scroll of brand weapon
 p - a scroll of enchant armour {unknown}
Potions
 d - a potion of heal wounds {unknown}
 e - 2 potions of mutation {unknown}
 j - 2 potions of resistance {unknown}
 l - a potion of haste {unknown}
 m - a potion of cancellation {unknown}
 K - a potion of brilliance {!q!d}
 N - 2 potions of curing {!q!d}


   Skills:
 + Level 4.2 Fighting
 + Level 5.1 Crossbows
 + Level 3.4 Dodging
 + Level 4.3 Stealth


You had 6 spell levels left.
You didn't know any spells.
Your spell library contained the following spells:

 Spells                   Type           Power      Damage    Failure   Level
 Sting                    Tmut/Pois      0%         1d3       58%         1
 Poisonous Vapours        Pois/Air       0%         N/A       73%         2
 Static Discharge         Conj/Air       0%         N/A       73%         2
 Dazzling Flash           Conj/Hex       0%         N/A       91%         3
 Dispel Undead            Necr           0%         3d6       100%        4
 Iskenderun's Mystic Bla  Conj/Tloc      0%         2d3       100%        4
 Olgreb's Toxic Radiance  Pois           0%         N/A       100%        4
 Sticky Flame             Conj/Fire      0%         2d3       100%        4
 Starburst                Conj/Fire      0%         6d3       100%        6


Dungeon Overview and Level Annotations

Branches:
Dungeon (4/15) Zot: 21112
 Temple: D:4-7

Altars:

Shops:
D:2 *

Annotations:
D:4 Ijyb


Innate Abilities, Weirdness & Mutations

You cannot be hasted, slowed, berserked, paralysed or teleported.
You can dig through walls and to a lower floor.
You have a pair of large antennae on your head. (SInv)
Your four strong arms can wield two-handed weapons with a shield.


Message History

As you read the scroll of fear {!r}, it crumbles to dust.
You assume a fearsome visage.
The ogre looks frightened!
You shoot a bolt. The bolt hits the ogre.
Your attack snaps the ogre out of its fear.
The ogre is severely wounded.
You shoot a bolt. The bolt hits the ogre.
The ogre is severely wounded.
You shoot a bolt. The bolt barely misses the ogre.
You start resting.
An ogre is nearby!
You shoot a bolt. The ogre shouts!
The bolt hits the ogre.
The ogre is severely wounded.
You shoot a bolt.
The bolt hits the ogre but does no damage.
The ogre is severely wounded.
You shoot a bolt. The bolt hits the ogre.
The ogre is severely wounded.
Shoot: a) +1 hand crossbow
Press: ? - help, Q - select action, (/) - cycle Shift-Dir - straight line, f/p - ogre
Aim: an ogre, wielding a +0 giant club (severely wounded, 79% to hit)
You shoot a bolt.
The bolt hits the ogre but does no damage.
The ogre is severely wounded.
Shoot: a) +1 hand crossbow
Press: ? - help, Q - select action, (/) - cycle Shift-Dir - straight line, f/p - ogre
Aim: an ogre, wielding a +0 giant club (severely wounded, 79% to hit)
You shoot a bolt.
The bolt hits the ogre but does no damage.
The ogre is severely wounded.
The ogre hits you with a +0 giant club!!
* * * LOW HITPOINT WARNING * * *
Shoot: a) +1 hand crossbow
Press: ? - help, Q - select action, (/) - cycle Shift-Dir - straight line, f/p - ogre
Aim: an ogre, wielding a +0 giant club (severely wounded, 79% to hit)
You shoot a bolt. The bolt completely misses the ogre.
The ogre hits you with a +0 giant club!!
Ouch! That really hurt!
You die...

#### ... .# ..###.#
###....... ..... ..# ##
###.####.# g# #.O...##.#
.# #.#####@###.##.# #.#
#.......# #.†..# #.#
#######.###.#..######.##
#.....#..........#
###.###.#######..# #.#
#.# #..# #.#
#.#######..# #.#
#...)......( #.#
#########..#


You could see an ogre.

Vanquished Creatures
  Sigmund (D:2)
  Terence (D:3)
  An orc wizard (D:3)
  Natasha (thrice) (D:3 D:2)
  3 adders
  2 worms (D:3)
  A dart slug (D:2)
  3 orcs (D:3)
  3 bats
  An endoplasm (D:1)
  4 giant cockroaches
  8 goblins
  2 hobgoblins (D:1)
  6 jackals
  2 quokkas (D:2)
  4 ball pythons
  3 frilled lizards (D:2)
  5 kobolds
  9 rats
62 creatures vanquished.

Notes
Turn   | Place    | Note
-------+----------+-------------------------------------------
     0 | D:1      | buhh the Formicid Hunter began the quest for the Orb.
     0 | D:1      | Reached XP level 1. HP: 16/16 MP: 1/1
    75 | D:1      | Reached XP level 2. HP: 23/23 MP: 2/2
   342 | D:1      | Found a faded altar of an unknown god.
   400 | D:1      | Reached XP level 3. HP: 26/28 MP: 3/3
   609 | D:2      | Noticed Sigmund
   635 | D:2      | Killed Sigmund
   636 | D:2      | Reached XP level 4. HP: 15/36 MP: 4/4
   636 | D:2      | Reached XP level 5. HP: 17/41 MP: 5/5
   878 | D:2      | Identified the +3 leather armour of Yhuschamn {rElec rCorr
                  | Str+2 Int-5}
   990 | D:2      | Reached XP level 6. HP: 46/47 MP: 6/6
  1125 | D:2      | Found Epeth's Assorted Antiques.
  1132 | D:2      | Bought a scroll labelled TAMMEL SOQA for 19 gold pieces
  1692 | D:3      | Noticed Terence
  1871 | D:3      | Noticed Natasha
  2019 | D:3      | Killed Natasha
  2023 | D:3      | Noticed Natasha
  2037 | D:3      | Killed Natasha
  2038 | D:3      | Reached skill level 5 in Crossbows
  2118 | D:3      | Noticed Natasha
  2122 | D:2      | Killed Natasha
  2498 | D:3      | Killed Terence
  2542 | D:3      | Reached XP level 7. HP: 52/54 MP: 7/7
  2745 | D:4      | Noticed Ijyb
  2831 | D:4      | Demolished by an ogre

Illustrated notes

Levels and vault maps discovered:
D:1:      dpeg_arrival_pits, layout_basic, shapermc_ecumenical_altar_venn
D:2:      layout_basic, serial_shops, nicolae_shop_advertising_works
          [nicolae_subvault_shop_adworks], uniq_sigmund
D:3:      layout_rooms, chequers_serial_rivers_micro_d, uniq_terence,
          uniq_natasha
D:4:      layout_loops_ring, uniq_ijyb, uniq_robin

Skill      XL: |  1  2  3  4  5  6 |
---------------+-------------------+-----
Dodging        | 2 3 |  3.4
Stealth        | 3 4 |  4.3
Fighting       | 3 4 |  4.2
Crossbows      | 5 |  5.1

Action                   |  1- 3 |  4- 6 |  7- 9 || total
-------------------------+-------+-------+-------++-------
 Fire: Hand crossbow     |    56 |   103 |    16 ||   175
 Abil: Dig               |     1 |       |       ||     1
Evoke: Wand              |       |     7 |       ||     7
  Use: Potion            |     2 |       |       ||     2
       Scroll            |     1 |     4 |     3 ||     8
Armor: Leather armour    |     2 |    18 |       ||    20
Dodge: Dodged            |     4 |    25 |       ||    29

Table legend: (Time is in decaauts)
 A = Elapsed time spent in this place.
 B = Non-inter-level travel time spent in this place.
 C = Inter-level travel time spent in this place.
 D = Time resting spent in this place.
 E = Time spent auto-exploring this place.
 F = Levels seen in this place.
 G = Mean time per level.
                   A        B        C        D        E       F      G
               +--------+--------+--------+--------+--------+-----+--------+
         Total |   2886 |   2428 |    458 |     36 |   1826 |   4 |  721.5 |
       Dungeon |   2886 |   2428 |    458 |     36 |   1826 |   4 |  721.5 |
               +--------+--------+--------+--------+--------+-----+--------+

Top non-repeatable levels by time:
     D:2: 1520 daAuts
     D:3: 639 daAuts
     D:1: 593 daAuts
     D:4: 133 daAuts
